 Dungeon Crawl Stone Soup version 0.30-a0-591-g3c58d2bc28 (webtiles) character file.

Game seed: 223726680151300397

52589 HoaS the Ripper (level 14, -12/79 HPs)
             Began as a Felid Berserker on Jan 3, 2023.
             Was the Champion of Trog.
             Mangled by Arachne
             ... wielding a staff of poison
              (20 damage)
             ... on level 4 of the Spider Nest on Jan 5, 2023.
             The game lasted 01:40:53 (42819 turns).

HoaS the Ripper (Felid Berserker)                  Turns: 42819, Time: 01:40:54

Health: -12/79     AC: 11    Str: 19    XL:     14   Next: 27%
Magic:  15/15      EV: 31    Int:  8    God:    Trog [******]
Gold:   1688       SH:  5    Dex: 18    Spells: 13/13 levels left
                                        Lives:  0   Deaths: 3

rFire   . . .      SeeInvis +      - Unarmed
rCold   + . .      Faith    .    (shield unavailable)
rNeg    . . .      Spirit   .    (body armour unavailable)
rPois   .          Reflect  +    (helmet unavailable)
rElec   .          Harm     .    (cloak unavailable)
rCorr   .          Rampage  .    (gloves unavailable)
Will    ++...                    (boots unavailable)
Stlth   ++                       q - amulet of reflection
HPRegen 0.33/turn                G - +4 ring of protection
MPRegen 0.14/turn                e - +4 ring of protection

@: quick
A: very small, claws 1, fangs 3, see invisible, speed 1, shaggy fur 3, stealthy
paws, no weapons or thrown items, no armour, multi-lived
a: Renounce Religion, Berserk, Trog's Hand, Brothers in Arms


You were on level 4 of the Spider Nest.
You worshipped Trog.
Trog was exalted by your worship.
You visited 4 branches of the dungeon, and saw 26 of its levels.
You also visited: Ice Cave.

You collected 2646 gold pieces.
You spent 958 gold pieces at shops.

Inventory:

Jewellery
 e - a +4 ring of protection (right paw)
 q - an amulet of reflection (around neck)
 w - a ring of resist corrosion
 x - a ring of willpower
 E - a +6 ring of strength
 G - a +4 ring of protection (left paw)
Wands
 g - a wand of quicksilver (6)
 h - a wand of digging (4)
 l - a wand of flame (69)
 m - a wand of mindburst (19)
 n - a wand of polymorph (1)
 o - a wand of charming (42)
 D - a wand of iceblast (3)
Scrolls
 i - 8 scrolls of teleportation
 u - 11 scrolls of identify
 v - 2 scrolls of fog
 y - 3 scrolls of fear
 A - a scroll of blinking
 B - 2 scrolls of summoning
 F - 4 scrolls of magic mapping
Potions
 a - 5 potions of might
 b - 3 potions of attraction
 c - 4 potions of flight
 d - 9 potions of curing
 f - 5 potions of lignification
 j - 7 potions of mutation
 k - 4 potions of haste
 p - 3 potions of cancellation
 r - 2 potions of resistance
 s - 4 potions of berserk rage
 t - 4 potions of ambrosia
 z - 2 potions of invisibility


   Skills:
 * Level 19.2 Fighting
 + Level 17.9 Dodging
 * Level 19.2 Unarmed Combat


You had 13 spell levels left.
You didn't know any spells.
Your spell library was empty.

Dungeon Overview and Level Annotations

Branches:
Dungeon (15/15)            Temple (0/1) D:5            Lair (5/5) D:8
  Swamp (0/4) Lair:2       Spider (4/4) Lair:3        Slime (0/5) Lair:4
    Orc (2/2) D:12            Elf (0/3) Orc:2        Vaults (0/5) D:14
 Depths (0/4) D:15          IceCv (visited)

Altars:
Dithmenos
Fedhas
Gozag
Kikubaaqudgha
Makhleb
Okawaru
Qazlal
Sif Muna
Trog
Uskayaw
Wu Jian
Zin
Jiyva
Lugonu

Shops:
D:3 ?=**!   D:5 [(:(   D:6 =   Orc:2 (:[*

Portals:
Abyss: Lair:5

Annotations:
Lair:1 Kirke
Spider:2 1 runed translucent door, ma3's ghost, adept DjHs
Spider:4 Arachne; Louise


Innate Abilities, Weirdness & Mutations

You have sharp claws.
You have razor-sharp teeth.
You have supernaturally acute eyesight. (SInv)
You cover ground quickly. (Speed+)
Your thick and shaggy fur keeps you warm. (AC +3, rC+)
Your paws help you pounce on unaware monsters.
You are incapable of wielding weapons or throwing items.
You cannot wear armour.
You gain extra lives every three experience levels.


Message History

Louise hits you with a +3 morningstar of pain.
You writhe in agony.
The wolf spider completely misses you. x2
The demonic crawler completely misses you. x2
The demonic crawler hits you. The pharaoh ant barely misses you.
A jumping spider comes into view.
A redback comes into view.
The wolf spider hits you but does no damage.
The wolf spider completely misses you. You block Louise's attack.
The demonic crawler hits you but does no damage.
The demonic crawler completely misses you.
The demonic crawler misses you.
The pharaoh ant bites you but does no damage.
The jumping spider's many legs skitter faintly.
A wolf spider comes into view.
You block the wolf spider's attack. The wolf spider completely misses you.
The demonic crawler completely misses you.
The demonic crawler misses you.
The demonic crawler completely misses you.
Louise hits you with a +3 morningstar of pain!
You writhe in agony.
The wolf spider completely misses you. The wolf spider bites you!
The wolf spider's many legs skitter.
The demonic crawler misses you.
The demonic crawler completely misses you.
The demonic crawler closely misses you. Arachne misses you.
Louise hits you with a +3 morningstar of pain.
You writhe in agony.
Arachne closely misses you. You block the demonic crawler's attack.
The demonic crawler completely misses you.
The demonic crawler misses you.
Louise hits you with a +3 morningstar of pain!!
* * * LOW HITPOINT WARNING * * *
You writhe in agony.
* * * LOW HITPOINT WARNING * * *
Arachne barely misses you. The pharaoh ant closely misses you.
You block the demonic crawler's attack.
The demonic crawler completely misses you.
The demonic crawler misses you.
Arachne hits you with a staff of poison!!
You die...

.#.^. #... . ..#.
...^# ^. ..^ ..#^##
..# #.. ..###^.#^.
...^ .#..
..^.....#...^#
....?#.#s.#..#^...
........@.#...#.#..
....#s@#.#......#
#..HBH..#^..#
#..^#ys#...<#
..#.s#........#
.#..#^..###^^^^.~.
#...#^. ^..#.##..
s^#.^#.. ^..^^.#
..^. #.. #^[...^..
... #...^.##~.


You could see Arachne, Louise, a jorogumo, a spark wasp, a demonic crawler, 3
wolf spiders, a pharaoh ant and a redback.

Vanquished Creatures
  Mlioglotl (Spider:1)
  Rupert (D:12)
  Roxanne (D:14)
  4 emperor scorpions
  2 ghost moths
  2 orc warlords
  Josephine (D:10)
  Snorg (Lair:2)
  3 entropy weavers
  A catoblepas (Lair:1)
  A jorogumo (Spider:1)
  9 hydras
  Erolcha (D:12)
  3 two-headed ogres
  5 centaur warriors
  A radroach (Spider:1)
  7 boulder beetles
  3 thrashing horrors (Lair:5)
  A tengu warrior (D:14)
  4 orc high priests
  Nergalle (Lair:2)
  4 pharaoh ants
  3 skeletal warriors
  Amaemon (D:10)
  A death drake (shapeshifter) (Lair:5)
  10 orb spiders
  3 steelbarb worms
  5 orc knights
  2 necromancers
  A deep elf zephyrmancer (D:15)
  3 cyclopes
  A deep elf pyromancer (D:15)
  5 manticores
  5 orc sorcerers
  14 wolf spiders
  6 ugly things
  A moth of wrath (Spider:2)
  5 black mambas
  9 elephants (Lair:5)
  13 cane toads
  4 demonic crawlers
  A naga mage (D:15)
  An orange demon (D:11)
  2 smoke demons
  A centaur skeleton (D:15)
  2 large abominations (Lair:5)
  4 gargoyles
  2 torpor snails
  16 komodo dragons
  A yaktaur (shapeshifter) (Lair:4)
  2 rime drakes
  2 yaktaurs (D:15)
  A harpy zombie (D:15)
  4 meliai
  An ancient zyme (Lair:5)
  A merfolk (shapeshifter) (Lair:5)
  4 trolls
  2 polar bears
  A tyrant leech (shapeshifter) (D:14)
  7 dream sheep
  A polar bear (shapeshifter) (Lair:5)
  11 tarantellas
  23 blink frogs
  19 jumping spiders
  7 slime creatures
  Sigmund (D:7)
  A spriggan (Lair:5)
  6 wraiths
  13 culicivoras
  5 wyverns
  A ynoxinul (Lair:5)
  37 yaks
  3 shadows
  2 vampires
  7 hogs
  A yak (shapeshifter) (D:14)
  5 basilisks
  A golden eye (shapeshifter) (D:14)
  2 steam dragons
  2 vampire mosquitoes
  23 redbacks
  Edmund (D:7)
  6 wargs
  3 swamp worms (Lair:2)
  15 water moccasins
  2 acid dragons (D:12)
  43 orc warriors
  5 black bears
  2 ice beasts
  An elephant zombie (Lair:3)
  9 ogres
  8 wolves
  18 centaurs
  7 small abominations (Lair:5)
  2 phantoms (D:5)
  3 kobold brigands
  10 bullfrogs
  A necrophage (D:5)
  5 scorpions
  5 gnoll sergeants
  18 wights
  2 killer bees
  3 electric eels (Lair:3)
  11 howler monkeys
  4 jellies (D:5)
  7 hounds
  2 basilisk zombies (Lair:3)
  18 orc priests
  3 gnoll boudas
  5 iguanas
  34 orc wizards
  A boggart skeleton (D:15)
  20 gnolls
  10 adders
  A white imp (D:5)
  An ufetubus (D:4)
  A worm (D:2)
  A worm (shapeshifter) (D:10)
  4 dart slugs
  71 orcs
  7 bats
  4 endoplasms
  2 giant cockroaches
  7 hobgoblins
  3 jackals (D:1)
  19 kobolds
  A quokka (D:2)
  5 ball pythons
  4 frilled lizards
  8 goblins
798 creatures vanquished.

Vanquished Creatures (collateral kills)
  An ogre (Orc:1)
1 creature vanquished.

Vanquished Creatures (others)
  An orc wizard (Orc:2)
  39 fungi
  34 plants
74 creatures vanquished.

Grand Total: 873 creatures vanquished

Notes
Turn   | Place    | Note
-------+----------+-------------------------------------------
     0 | D:1      | HoaS the Felid Berserker began the quest for the Orb.
     0 | D:1      | Reached XP level 1. HP: 10/10 MP: 2/2
   322 | D:1      | Reached XP level 2. HP: 14/14 MP: 3/3
   886 | D:2      | Reached XP level 3. HP: 15/17 MP: 4/4
   977 | D:2      | Reached ** piety under Trog
  1012 | D:2      | Found a faded altar of an unknown god.
  1567 | D:2      | Found an ancient bone altar of Kikubaaqudgha.
  1652 | D:2      | Reached XP level 4. HP: 17/22 MP: 5/5
  1984 | D:3      | Found Ahefeabi's Distillery.
  1993 | D:3      | Bought a potion of curing for 30 gold pieces
  1993 | D:3      | Bought a potion of might for 40 gold pieces
  2042 | D:3      | Found Xeel's General Store.
  2102 | D:3      | Found Kenamach's General Store.
  2114 | D:3      | Found Diwoteq's Magic Scroll Shoppe.
  2133 | D:3      | Bought a scroll of identify for 24 gold pieces
  2281 | D:3      | Found Faid's Jewellery Emporium.
  2481 | D:3      | Found a glowing silver altar of Zin.
  2548 | D:3      | Found an opulent altar of Gozag.
  2576 | D:3      | Found a blossoming altar of Fedhas.
  2679 | D:3      | Reached XP level 5. HP: 21/25 MP: 4/6
  2721 | D:3      | Reached skill level 5 in Dodging
  3048 | D:4      | Found a bloodstained altar of Trog.
  3302 | D:4      | Reached skill level 5 in Unarmed Combat
  3302 | D:4      | Gained mutation: You are covered in thick fur. (AC +2)
                  | [Felid growth]
  3302 | D:4      | Reached XP level 6. HP: 24/30 MP: 5/7
  3324 | D:5      | Entered Level 5 of the Dungeon
  3324 | D:5      | Found Licegoj's Antique Weapon Boutique.
  3338 | D:5      | Reached skill level 5 in Fighting
  3468 | D:5      | Found Degaucua's Armour Emporium.
  3533 | D:5      | Found a staircase to the Ecumenical Temple.
  3550 | D:5      | Reached *** piety under Trog
  3551 | D:5      | Reached XP level 7. HP: 33/33 MP: 8/8
  3599 | D:5      | Noticed a wyvern
  3614 | D:5      | Killed a wyvern
  3806 | D:5      | HP: 1/35 [white imp (4)]
  4044 | D:5      | Found Nyqueh's Antique Weapon Shop.
  4063 | D:5      | Reached XP level 8. HP: 24/39 MP: 7/9
  4164 | D:5      | Found Leapeme's Book Emporium.
  5096 | D:6      | Found a shadowy altar of Dithmenos.
  5430 | D:6      | Reached XP level 9. HP: 19/43 MP: 2/10
  5731 | D:6      | Found Ofeqepsean's Jewellery Shop.
  6132 | D:6      | Found an iron altar of Okawaru.
  6565 | D:7      | Identified the +7 trident "Saxkib" {drain, Will+ Str+4
                  | Int+3}
  6714 | D:7      | Noticed Sigmund
  6735 | D:7      | Noticed Edmund
  6736 | D:7      | Killed Sigmund
  6757 | D:7      | Killed Edmund
  6944 | D:7      | Found a flagged portal.
  8091 | D:7      | Reached XP level 10. HP: 23/49 MP: 4/11
  8234 | D:8      | Found a hide-covered altar of Uskayaw.
  8559 | D:8      | Found a transporter.
  8765 | D:8      | Found a staircase to the Lair.
  8913 | D:8      | Found a transporter.
  8935 | D:8      | Found a transporter.
  8943 | D:8      | Found a transporter.
  9187 | D:3      | Bought a +5 ring of evasion for 432 gold pieces
  9282 | D:8      | Reached skill level 10 in Unarmed Combat
  9323 | D:8      | Reached skill level 10 in Fighting
  9517 | D:8      | Reached skill level 10 in Dodging
  9580 | D:8      | Reached **** piety under Trog
  9707 | D:9      | Found a stormy altar of Qazlal.
 10279 | D:9      | Noticed a two-headed ogre
 10292 | D:9      | Killed a two-headed ogre
 10768 | D:9      | Found a burning altar of Makhleb.
 10960 | D:10     | Entered Level 10 of the Dungeon
 11100 | D:10     | Reached XP level 11. HP: 55/55 MP: 12/12
 11373 | D:10     | Noticed a white ugly thing
 11409 | D:10     | Killed a white ugly thing
 11459 | D:10     | Noticed a two-headed ogre
 11702 | D:9      | Killed a two-headed ogre
 12005 | D:10     | Noticed a seven-headed hydra
 12072 | Lair:1   | Entered Level 1 of the Lair of Beasts
 13201 | Lair:2   | Noticed a catoblepas
 13357 | Lair:2   | Noticed a six-headed hydra
 13376 | Lair:2   | Killed a six-headed hydra
 13807 | Lair:1   | Killed a catoblepas
 14072 | Lair:2   | Identified the +5 hand axe "Joimo" {heavy, rF+}
 14241 | Lair:2   | Noticed a five-headed hydra
 14279 | Lair:2   | Killed a five-headed hydra
 14280 | Lair:2   | Gained mutation: Your thick and shaggy fur keeps you warm.
                  | (AC +3, rC+) [Felid growth]
 14280 | Lair:2   | Reached XP level 12. HP: 41/61 MP: 8/13
 14405 | Lair:2   | Noticed a seven-headed hydra
 14426 | Lair:2   | Killed a seven-headed hydra
 14627 | Lair:2   | Found a staircase to the Swamp.
 14722 | Lair:2   | Noticed an eight-headed hydra
 14743 | Lair:2   | Killed an eight-headed hydra
 15381 | Lair:2   | Noticed Nergalle
 15391 | Lair:2   | Killed Nergalle
 15785 | Lair:3   | Noticed Kirke
 16850 | Lair:2   | Reached ***** piety under Trog
 17006 | Lair:3   | Noticed a boulder beetle
 17161 | Lair:3   | Found a hole to the Spider Nest.
 17636 | Lair:3   | Noticed Snorg
 17666 | Lair:2   | Killed Snorg
 18175 | Lair:3   | Reached XP level 13. HP: 53/68 MP: 10/14
 18549 | Lair:4   | Found a viscous altar of Jiyva.
 18549 | Lair:4   | Found a staircase to the Slime Pits.
 19234 | Lair:3   | HP: 2/68 [dream sheep (8)]
 20292 | Lair:4   | Found the +4 Cigotuvi's embrace {rMiasma Drain rN+}
 20583 | Lair:5   | Entered Level 5 of the Lair of Beasts
 20900 | Lair:5   | Reached skill level 15 in Fighting
 20900 | Lair:5   | Reached skill level 15 in Unarmed Combat
 22631 | Lair:5   | Blown up by an orb spider (shapeshifter)
 22632 | Lair:5   | Reached XP level 12. HP: -32/66 MP: 0/13
 22670 | Lair:5   | Reached XP level 13. HP: 49/70 MP: 10/14
 22959 | Lair:5   | Found a corrupted altar of Lugonu.
 22959 | Lair:5   | Found a one-way gate to the infinite horrors of the Abyss.
 23331 | D:10     | Found an ornate altar of the Wu Jian Council.
 23385 | D:10     | Noticed Josephine
 23396 | D:10     | Killed Josephine
 23458 | D:10     | Reached skill level 15 in Dodging
 23658 | D:10     | Reached ****** piety under Trog
 23724 | D:10     | Found a shimmering blue altar of Sif Muna.
 24199 | D:11     | Noticed Amaemon
 24360 | D:10     | Killed Amaemon
 26123 | D:12     | Noticed Erolcha
 26135 | D:12     | Killed Erolcha
 26407 | D:12     | Found a staircase to the Orcish Mines.
 27045 | D:12     | Noticed Rupert
 27086 | D:12     | Killed Rupert
 27380 | Orc:1    | Entered Level 1 of the Orcish Mines
 27578 | Orc:1    | Noticed an orc warlord
 27599 | Orc:1    | Killed an orc warlord
 27829 | Orc:1    | Reached XP level 14. HP: 75/75 MP: 15/15
 28246 | Orc:2    | Entered Level 2 of the Orcish Mines
 28598 | Orc:2    | Found a staircase to the Elven Halls.
 29074 | Orc:1    | Paralysed by an orc sorcerer for 5 turns
 29859 | Orc:2    | Paralysed by an orc sorcerer for 5 turns
 30055 | Orc:2    | Noticed an orc warlord
 30332 | Orc:2    | Killed an orc warlord
 31097 | Orc:2    | Found Unenor's Antique Armour Shop.
 31098 | Orc:2    | Found Xypuh's Antique Weapon Boutique.
 31100 | Orc:2    | Found Kuidiyn's General Store.
 31100 | Orc:2    | Found Tohumy's Book Shop.
 31105 | Orc:2    | Bought a +4 ring of protection for 432 gold pieces
 32828 | D:14     | Found a frozen archway.
 32836 | IceCv    | Entered an ice cave
 32836 | IceCv    | Noticed a white very ugly thing
 33406 | D:14     | Found a gate to the Vaults.
 33714 | D:14     | Noticed Roxanne
 33805 | D:14     | Killed Roxanne
 33962 | D:15     | Entered Level 15 of the Dungeon
 34958 | D:15     | Reached XP level 15. HP: 50/81 MP: 16/16
 35418 | D:15     | Found a staircase to the Depths.
 35983 | Spider:1 | Entered Level 1 of the Spider Nest
 36346 | Spider:1 | Noticed an emperor scorpion
 36360 | Spider:1 | Killed an emperor scorpion
 37129 | Spider:1 | HP: 4/81 [redback (7)]
 37130 | Spider:1 | Succumbed to a redback's poison
 37131 | Spider:1 | Reached XP level 14. HP: -6/78 MP: 15/15
 37182 | Spider:1 | Noticed Mlioglotl
 37183 | Spider:1 | Upgraded the game from 0.30-a0-586-g23e55c9e0a to
                  | 0.30-a0-591-g3c58d2bc28
 37448 | Spider:1 | Noticed a ghost moth
 37458 | Spider:1 | Killed a ghost moth
 37672 | Spider:1 | Killed Mlioglotl
 38912 | Spider:2 | Noticed an emperor scorpion
 38932 | Spider:1 | Killed an emperor scorpion
 39142 | Spider:2 | Noticed a ghost moth
 39160 | Spider:2 | Killed a ghost moth
 39962 | Spider:2 | Found a runed translucent door.
 39963 | Spider:2 | Noticed ma3's ghost (adept DjHs)
 41011 | Spider:3 | Noticed an emperor scorpion
 41028 | Spider:2 | Killed an emperor scorpion
 41029 | Spider:2 | Reached XP level 15. HP: 82/82 MP: 16/16
 41366 | Spider:3 | Noticed an emperor scorpion
 41381 | Spider:3 | Killed an emperor scorpion
 41995 | Spider:2 | HP: 3/83 [jumping spider (15)]
 42487 | Spider:4 | Entered Level 4 of the Spider Nest
 42747 | Spider:3 | Slain by a culicivora
 42748 | Spider:3 | Reached XP level 14. HP: 0/79 MP: 15/15
 42807 | Spider:4 | Noticed Louise
 42813 | Spider:4 | Noticed Arachne
 42819 | Spider:4 | Mangled by Arachne

Illustrated notes

Levels and vault maps discovered:
D:1:      lightli_arrival_windingriver, layout_basic
D:2:      layout_loops_ring, hellmonk_ecumenical_altar_heavens_door,
          basic_altar, kennysheep_path_1, st_stairs_2, chequers_big_river,
          kennysheep_generic_room_9
D:3:      layout_basic, pdpol_temple_overflow_zin_treasury_gozag_greed,
          fedhas_ov_isle_minmay, serial_shops, shop_fountains,
          nicolae_shop_statue_plus, nicolae_square_shop, shop, shop
D:4:      layout_rooms, amcnicky_altar_gilded
D:5:      cheibrodos_fzero, layout_gridville, minmay_temple_entry_arrows,
          serial_shops, nicolae_shop_statue_plus, shop_fountains, shop, shop
D:6:      layout_basic, overflow_temple_1_default, kennysheep_little_box,
          serial_shops, shop
D:7:      layout_loops_ring, enter_bailey_6, minmay_parallelograms,
          sigmund_edmund_badplayer
D:8:      layout_rooms, mainiacjoe_overflow_24_doors, david_lair_generic,
          nicolae_diode_intersection
D:9:      layout_stronghold, nicolae_qazlal_scattered_showers,
          lightli_temple_of_fire
D:10:     layout_gridville, mainiacjoe_overflow_alcove_2,
          mainiacjoe_overflow_catwalk, minmay_pinched_square, uniq_josephine
D:11:     layout_layer_cave, uniq_amaemon
D:12:     layout_loops_ring, kennysheep_orc_monster_closet_entryway,
          uniq_erolcha, uniq_rupert
D:13:     layout_loops_cross
D:14:     layout_long_grid, david_vaults_2, portal_ice_cave_entry_pillars_four,
          uniq_roxanne
D:15:     grunt_enter_depths_magical_seal, layout_rooms, grunt_decor_clamped
Lair:1:   layout_regular_city
Lair:2:   layout_cave_pods, palyth_hydra_swamp_entry, uniq_nergalle
Lair:3:   pond_and_an_island_with_a_cottage, layout_cave_pods,
          nicolae_spider_entry_orb_guardian, serial_bayou_shore_b, uniq_snorg,
          uniq_kirke
Lair:4:   layout_loops_ring, slime_entry_1
Lair:5:   hellmonk_lair_end_abyssal_woods, layout_loops_ring,
          infiniplex_staircase_pool, serial_bayou_shore_b
Spider:1: layout_spider_delve, nicolae_spider_eight_legs,
          hangedman_spider_tarantella_strand, uniq_mlioglotl
Spider:2: layout_chambers, gammafunk_ghost_grave,
          nicolae_spider_not_touching_you
Spider:3: layout_spider_delve, nicolae_orb_stairs
Spider:4: grunt_spider_rune_island, einodemon_crawler_minivault, uniq_arachne,
          uniq_louise, uniq_aizul
Orc:1:    layout_diamond_mine
Orc:2:    st_orc_congregation, layout_diamond_mine

Skill      XL: |  1  2  3  4  5  6  7  8  9 10 11 12 13 14 15 |
---------------+----------------------------------------------+-----
Fighting       | 4 5 6 8 9 11 12 14 16 18 19 | 19.2
Unarmed Combat | 4 5 6 8 9 11 12 14 16 17 19 | 19.2
Dodging        | 5 6 7 9 10 12 13 15 16 17 | 17.9

Action                   |  1- 3 |  4- 6 |  7- 9 | 10-12 | 13-15 || total
-------------------------+-------+-------+-------+-------+-------++-------
Melee: Unarmed           |   102 |   126 |   337 |   688 |  1807 ||  3060
       Bite              |     9 |    15 |    32 |   115 |   275 ||   446
       Punch             |     1 |     3 |    18 |    59 |   258 ||   339
Invok: Berserk           |       |       |     6 |     5 |    13 ||    24
       Trog's Hand       |       |       |     3 |     9 |     8 ||    20
       Brothers in Arms  |       |       |       |       |     2 ||     2
Evoke: Wand              |       |       |       |     3 |     7 ||    10
  Use: Scroll            |     5 |     5 |    10 |     7 |     5 ||    32
       Potion            |       |       |       |       |     8 ||     8
 Stab: Sleeping          |     1 |     2 |     1 |     1 |     1 ||     6
       Distracted        |       |       |       |     2 |       ||     2
Armor: Skin              |     4 |     5 |    11 |    19 |   164 ||   203
Dodge: Dodged            |    74 |   103 |   246 |   734 |  1670 ||  2827
Block: Other             |       |       |       |       |   231 ||   231
       Reflection        |       |       |       |       |    12 ||    12

Table legend: (Time is in decaauts)
 A = Elapsed time spent in this place.
 B = Non-inter-level travel time spent in this place.
 C = Inter-level travel time spent in this place.
 D = Time resting spent in this place.
 E = Time spent auto-exploring this place.
 F = Levels seen in this place.
 G = Mean time per level.
                   A        B        C        D        E       F      G
               +--------+--------+--------+--------+--------+-----+--------+
         Total |  37996 |  36154 |   1842 |  15087 |  12512 |  27 | 1407.3 |
       Dungeon |  18485 |  17516 |    969 |   6367 |   7132 |  15 | 1232.3 |
          Lair |  10047 |   9410 |    637 |   4117 |   2898 |   5 | 2009.4 |
   Spider Nest |   6072 |   5984 |     88 |   2838 |   1905 |   4 | 1518.0 |
  Orcish Mines |   3387 |   3240 |    147 |   1763 |    576 |   2 | 1693.5 |
      Ice Cave |      2 |      2 |      0 |      0 |      0 |   1 |    2.0 |
               +--------+--------+--------+--------+--------+-----+--------+

Top non-repeatable levels by time:
Spider:1: 3014 daAuts
  Lair:2: 2672 daAuts
  Lair:3: 2239 daAuts
   Orc:1: 1993 daAuts
  Lair:5: 1856 daAuts
Spider:2: 1833 daAuts
  Lair:4: 1808 daAuts
     D:7: 1734 daAuts
     D:9: 1602 daAuts
    D:10: 1570 daAuts
    D:14: 1522 daAuts
  Lair:1: 1470 daAuts
     D:5: 1425 daAuts
   Orc:2: 1394 daAuts
    D:11: 1388 daAuts
